 Dungeon Crawl Stone Soup version 0.28-a0-1159-g27aa881441 (webtiles) character file.

Game seed: 16189671531932750249

63 mainiacjoe the Sneak (level 4, 0/31 HPs)
             Began as an Octopode Delver on Dec 16, 2021.
             Slain by an elf skeleton (1 damage)
             ... on level 5 of the Dungeon.
             The game lasted 00:03:07 (573 turns).

mainiacjoe the Sneak (Octopode Delver)               Turns: 573, Time: 00:03:08

Health: 0/31       AC:  1    Str: 13    XL:     4   Next: 9%
Magic:  4/4        EV: 13    Int: 12    God:
Gold:   14         SH:  0    Dex: 13    Spells: 3/3 levels left

rFire   . . .      SeeInvis .   a - +0 short sword
rCold   . . .      Faith    .   (no shield)
rNeg    . . .      Spirit   .   (helmet restricted)
rPois   .          Reflect  .   (no amulet)
rElec   .          Harm     .   (no ring)
rCorr   .          Rampage  .   (no ring)
Will    .....                   (no ring)
Stlth   ++++......              (no ring)
HPRegen 0.10/turn               (no ring)
MPRegen 0.09/turn               (no ring)
                                (no ring)
                                (no ring)

@: no status effects
A: almost no armour, amphibious, 8 rings, camouflage 1, gelatinous body 1,
(nimble swimmer 1), tentacles
a: no special abilities


You were on level 5 of the Dungeon.
You visited 1 branch of the dungeon, and saw 1 of its levels.

You collected 14 gold pieces.

Inventory:

Hand Weapons
 a - a +0 short sword (weapon)
 l - a +0 falchion
 n - a +0 morningstar
Missiles
 h - 19 poisoned darts (quivered)
 i - 26 stones
 k - 18 bolts
Wands
 f - a wand of digging (3)
Scrolls
 b - a scroll of fog
 c - a scroll of magic mapping
 d - a scroll of fear
 j - a scroll of silence {unknown}
 m - a scroll of amnesia {unknown}
Potions
 e - a potion of haste
 g - a potion of brilliance {unknown}
 o - a potion of berserk rage {unknown}


   Skills:
 + Level 3.5 Fighting
 + Level 2.7 Short Blades
 + Level 2.7 Dodging
 + Level 7.1 Stealth


You had 3 spell levels left.
You didn't know any spells.
Your spell library was empty.

Dungeon Overview and Level Annotations

Branches:
Dungeon (5/15)
 Temple: D:4-7

Altars:
Vehumet

Shops:
D:5 (

Portals:
Ossuary: D:5

Annotations:
D:5 exclusions: gnoll, ice beast and 1 more exclusion


Innate Abilities, Weirdness & Mutations

You cannot wear most types of armour.
You are amphibious.
You can wear up to eight rings at the same time.
Your skin changes colour to match your surroundings (Stealth+).
Your rubbery body absorbs attacks. (AC +1, EV +1)
((You are camouflaged near water. (Stealth+)))
You have tentacles for arms and can constrict up to eight enemies at once.


Message History

The human zombie is almost destroyed.
You constrict the human zombie. The human zombie hits you.
* * * LOW HITPOINT WARNING * * *
You hit the human zombie.
You destroy the human zombie!
You have reached level 4!
o - a lumpy coppery potion You open the door.
There is an open door here.
You start resting.
You hear the rapid hiss of an avalanche of sand.
You open the door.
There is an open door here.
You open the door.
There is an open door here.
You open the door.
A human zombie comes into view.
You close the door.
You open the door.
An elf skeleton comes into view.
Found a sand-covered staircase.
You barely miss the elf skeleton. You grab the elf skeleton.
You squeeze the elf skeleton.
The elf skeleton is lightly damaged.
You constrict the elf skeleton. You hit the elf skeleton.
The elf skeleton is lightly damaged.
You constrict the elf skeleton. The elf skeleton barely misses you.
You hit the elf skeleton.
The elf skeleton is moderately damaged.
You constrict the elf skeleton. The elf skeleton hits you.
* * * LOW HITPOINT WARNING * * *
You hit the elf skeleton.
The elf skeleton is heavily damaged.
You constrict the elf skeleton. The elf skeleton hits you.
* * * LOW HITPOINT WARNING * * *
You hit the elf skeleton but do no damage.
The elf skeleton is heavily damaged.
You constrict the elf skeleton. The elf skeleton hits you.
You die...

######## ##### #.......
#...# #.# #.#'####### ##.#
#.#.#.#.+Z# #..# #.#.#'#@#
#..+ #.#.'...Z∩######..#
#.###...###.......# #.#
+...+ ##.####.+ ##########.#
#+#+# #..#....# ...........#
#..#....# ##'#########
#####.......+ ......#
#......##...#
......##############..##...#


You could see an elf skeleton.

Vanquished Creatures
  A human zombie (D:5)
  A scorpion zombie (D:5)
  An ufetubus (D:5)
  An orc (D:5)
4 creatures vanquished.

Notes
Turn   | Place    | Note
-------+----------+-------------------------------------------
     0 | D:5      | mainiacjoe the Octopode Delver began the quest for the Orb.
     0 | D:5      | Reached XP level 1. HP: 16/16 MP: 1/1
    69 | D:5      | Found a radiant altar of Vehumet.
   122 | D:5      | Reached XP level 2. HP: 4/21 MP: 2/2
   382 | D:5      | Noticed an ice beast
   513 | D:5      | Reached skill level 7 in Stealth
   513 | D:5      | Reached XP level 3. HP: 17/26 MP: 3/3
   545 | D:5      | Reached XP level 4. HP: 6/31 MP: 4/4
   568 | D:5      | Found a sand-covered staircase.
   572 | D:5      | HP: 1/31 [elf skeleton (3)]
   573 | D:5      | Slain by an elf skeleton

Illustrated notes

Levels and vault maps discovered:
D:5:      layout_basic, nicolae_vehumet_altar_sigil,
          mainiacjoe_overflow_24_doors, nicolae_ossuary_entry_catacombs,
          serial_shops, shop, minmay_fractal_squares_gapless_5

Skill      XL: |  1  2 |
---------------+-------+-----
Stealth        | 7 |  7.1
Fighting       | |  3.5
Short Blades   | |  2.7
Dodging        | |  2.7

Action                   |  1- 3 |  4- 6 || total
-------------------------+-------+-------++-------
Melee: Short sword       |    17 |     5 ||    22
       Constrict         |     3 |     1 ||     4
       Tentacles         |     6 |     1 ||     7
Armor: Skin              |     1 |       ||     1
Dodge: Dodged            |    10 |     1 ||    11

Table legend: (Time is in decaauts)
 A = Elapsed time spent in this place.
 B = Non-inter-level travel time spent in this place.
 C = Inter-level travel time spent in this place.
 D = Time resting spent in this place.
 E = Time spent auto-exploring this place.
 F = Levels seen in this place.
 G = Mean time per level.
                   A        B        C        D        E       F      G
               +--------+--------+--------+--------+--------+-----+--------+
         Total |    572 |    572 |      0 |    236 |     61 |   1 |  572.0 |
       Dungeon |    572 |    572 |      0 |    236 |     61 |   1 |  572.0 |
               +--------+--------+--------+--------+--------+-----+--------+

Top non-repeatable levels by time:
     D:5: 572 daAuts
